 Dungeon Crawl Stone Soup version 0.20.1-1-g8b1a95d (webtiles) character file.

20 Irenicus the Slasher (level 2, 0/21 HPs)
             Began as an Octopode Chaos Knight on Oct 13, 2017.
             Slain by a leopard gecko (3 damage)
             ... on level 1 of the Dungeon.
             The game lasted 00:00:49 (402 turns).

Irenicus the Slasher (Octopode Chaos Knight)         Turns: 402, Time: 00:00:50

Health: 0/21       AC:  1    Str: 11    XL:     2   Next: 79%
Magic:  2/2        EV: 13    Int: 14    God:    Xom [..*...]
Gold:   52         SH:  0    Dex: 11    Spells: 1/1 levels left

rFire    . . .     SeeInvis .   a - +0 falchion (chaos)
rCold    . . .     Gourm    .   (no shield)
rNeg     . . .     Faith    .   (helmet restricted)
rPois    .         Spirit   .   (no amulet)
rElec    .         Reflect  .   (no ring)
rCorr    .         Harm     .   (no ring)
MR       .....                  (no ring)
Stlth    ++........             (no ring)
Regen    0.1/turn               (no ring)
MPRegen  0.1/turn               (no ring)
                                (no ring)
                                (no ring)

@: no status effects
A: almost no armour, stealthy swim, amphibious, 8 rings, constrict 8, camouflage
1, gelatinous body 1
a: Renounce Religion


You were on level 1 of the Dungeon.
You worshipped Xom.
You were a toy of Xom.
You were not hungry.

You visited 1 branch of the dungeon, and saw 1 of its levels.

You collected 52 gold pieces.

Inventory:

Hand Weapons
 a - a +0 falchion of chaos (weapon)
Scrolls
 c - a scroll of fog {unknown}
 d - a scroll of amnesia {unknown}
 e - a scroll of random uselessness {unknown}
 f - a scroll of teleportation {unknown}
Potions
 g - 2 potions of haste {unknown}
Comestibles
 b - a bread ration
 h - a meat ration


   Skills:
 - Level 3.0 Fighting
 + Level 4.0 Long Blades
 - Level 2.3 Dodging


You had one spell level left.
You didn't know any spells.

Dungeon Overview and Level Annotations

Branches:
Dungeon (1/15)

Altars:


Innate Abilities, Weirdness & Mutations

You cannot wear most types of armour.
You are very stealthy in the water. (Stealth+)
You are amphibious.
You can wear up to eight rings at the same time.
You can use your tentacles to constrict eight enemies at once.
Your skin changes colour to match your surroundings (Stealth+).
Your rubbery body absorbs attacks. (AC +1, EV +1)


Message History

Your squeeze misses something.
Something hits you but does no damage. x2
You miss something. Something hits you.
You closely miss something. Something hits you.
You hit something. Something hits you. x2
You closely miss something. Something hits you.
You miss something. The leopard gecko barely misses you. Something hits you. x2
You miss something. Your squeeze misses something.
The leopard gecko closely misses you.
You riposte.
You closely miss the leopard gecko. Your grab misses the leopard gecko.
Your squeeze misses the leopard gecko. Something hits you but does no damage.
The leopard gecko closely misses you.
You completely miss the leopard gecko. Your grab misses the leopard gecko.
The leopard gecko bites you.
* * * LOW HITPOINT WARNING * * *
The leopard gecko bites you.
* * * LOW HITPOINT WARNING * * *
You barely miss the leopard gecko. You grab the leopard gecko.
You constrict the leopard gecko. The leopard gecko bites you.
You die... "Huh?
Did I miss anything?"

...........# ####
...........# ....
#...)....>.# .# .....
#..........# .# .....
#..........# .# ......
...........# ##. ###(.....
#........... #.. #........
...........####.###†.#####
....#.####......@l{........
...##.###..####.##.#.......
......... ###..##.#.......
.###...#####.......#.......
####....##...#.####........
###..##....###.# ........
............##.# .###.###
###.#######....# .. ....#
##....


You could see a leopard gecko.

Vanquished Creatures
  2 dart slugs (D:1)
  2 bats (D:1)
  A giant cockroach (D:1)
  A goblin (D:1)
  A hobgoblin (D:1)
  2 kobolds (D:1)
  2 frilled lizards (D:1)
  7 rats (D:1)
18 creatures vanquished.

Notes
Turn   | Place    | Note
-------+----------+-------------------------------------------
     0 | D:1      | Irenicus the Octopode Chaos Knight began the quest for the Orb.
     0 | D:1      | Reached XP level 1. HP: 16/16 MP: 1/1
   126 | D:1      | Reached XP level 2. HP: 21/21 MP: 2/2
   221 | D:1      | XOM: harmless Tmut miscast
   389 | D:1      | Reached skill level 4 in Long Blades
   402 | D:1      | Slain by a leopard gecko

Skill      XL: |  1  2 |
---------------+-------+-----
Long Blades    | 4 |  4.0
Fighting       | |  3.0
Dodging        | |  2.3

Action                   || total
-------------------------++-------
Melee: Falchion          ||    30
       Constrict         ||     7
       Tentacles         ||     4
 Stab: Sleeping          ||     6
Armor: Skin              ||     2
Dodge: Dodged            ||    12
       Rpst.: Falchion   ||     6
